nht, chaotic female elven Wizard -- --- |. -- |..- -.... - ---...------ -.>..... ----..........--- -.......................| |..................G....-- |.......G...........@....| |.......... ---.....<..-- ----... --......-- -- -......| |.......| --......| |.....-- ---..-- ---- nht the Conjurer Experience level: 4 Strength: 9 Dexterity: 14 Constitution: 15 Intelligence: 20 Wisdom: 10 Charisma: 7 Health: 0(29) Energy: 35(55) Def: 1 Gold: 220 Moves: 453 Dungeon seed: SZECBArs7SfzkEdb Game ID: nht_1432023138 Your Inventory: Coins $ - 220 gold pieces Weapons a - a blessed +1 quarterstaff (weapon in hands) w - 10 blessed +3 arrows x - 4 +0 crossbow bolts z - 6 +0 arrows A - 13 blessed +0 crossbow bolts Armor e - an uncursed +0 cloak of magic resistance (being worn) q - an uncursed +0 dwarvish cloak N - a cursed -2 dwarvish cloak Y - an uncursed +0 dwarvish cloak Scrolls i - 2 uncursed scrolls of scare monster j - an uncursed scroll of identify s - an uncursed scroll of remove curse t - an uncursed scroll of blank paper Spellbooks k - a blessed spellbook of force bolt l - a blessed spellbook of magic missile m - an uncursed spellbook of remove curse Potions f - an uncursed potion of fruit juice g - an uncursed potion of healing h - an uncursed potion of object detection p - an uncursed potion of blindness r - an uncursed potion of gain ability u - an uncursed potion of gain energy Rings c - an uncursed ring of searching d - an uncursed ring of see invisible C - a cursed ring of hunger Wands b - a wand of probing (0:2) Tools n - a magic marker (0:68) o - an uncursed leather drum v - an uncursed lock pick y - an uncursed wax candle (0:400) B - a +0 pick-axe Gems D - an uncursed amethyst stone Spells known in the end: Name Level Category Fail Memory a - force bolt 1 attack 0% 98% b - magic missile 2 attack 0% 98% c - remove curse 3 clerical 71% 98% Your skills at the end: Fighting Skills Weapon Skills quarterstaff [Basic] Spellcasting Skills attack spells [Basic] enchantment spells [Basic] Final Attributes: You were piously aligned. You were sleep resistant. You were magic-protected. You had infravision. You are dead. Vanquished creatures: 2 gnome lords a kitten 3 dwarves a kobold shaman 8 gnomes 4 jackals a kobold a goblin 2 sewer rats 2 grid bugs a kobold zombie 2 newts 28 creatures vanquished. Voluntary challenges: You went without food. You were an atheist. You used a wielded weapon 28 times, starting on turn 3. You were illiterate. You never genocided any monsters. You never polymorphed an object. You never changed form. You used no wishes. You never split a pudding. You never wrote Elbereth's name. You never violated your personal moral code. You disabled loading bones files. Dungeon overview: The Dungeons of Doom: levels 1 to 3 Level 1 a sink a long staircase Level 2 a sink Level 3 stairs to The Gnomish Mines The Gnomish Mines: levels 4 to 5 Level 4 stairs to The Dungeons of Doom Level 5 <- You were here History has recorded: On T:1 you entered the Dungeons of Doom to retrieve the Amulet of Yendor! On T:150 you reached level 2 of The Dungeons of Doom. On T:272 you advanced to experience level 2. On T:301 you reached level 3 of The Dungeons of Doom. On T:324 you reached level 1 of The Gnomish Mines. On T:352 you advanced to experience level 3. On T:370 you advanced to experience level 4. On T:445 you reached level 2 of The Gnomish Mines. Score breakdown: Gold: 220 ( 7974 points) Experience: 4 levels ( 9649 points) Exploration: 5 levels ( 10.00%) ( 8571 points) Discoveries: 2 items ( 0.72%) ( 2549 points) Valuables value: (no points given unless you survive) Artifact value: 0 ( 0 points) Variety of kills: 12 monsters ( 3.17%) ( 5338 points) Time penalty: 453 turns ( 0 points) Survival: died (score multiplied by 80%) Total score: 27264 Latest messages: The spell hits the gnome king! The gnome king swings his thonged club. The gnome king hits! You die... Final status: Goodbye nht the Wizard, killed by a gnome king... You died in The Gnomish Mines on dungeon level 5 with 27264 points, and 220 pieces of gold, after 453 moves. You were level 4 with a maximum of 29 hit points when you died.